 Dungeon Crawl Stone Soup version 0.30.0-18-gc0e69614cb (webtiles) character file.

Game seed: 9645709211361656583

252 cheesebisquit the Digger (level 6, -3/32 HPs)
             Began as a Gargoyle Earth Elementalist on May 24, 2023.
             Killed by nerve-wracking pain
             ... invoked by an orc priest
              (4 damage)
             ... on level 3 of the Dungeon.
             The game lasted 00:06:06 (2089 turns).

cheesebisquit the Digger (GrEE)                     Turns: 2089, Time: 00:06:06

Health: -3/32      AC:  6    Str: 12    XL:     6   Next: 13%
Magic:  3/11       EV: 11    Int: 17    God:
Gold:   213        SH:  0    Dex: 10    Spells: 8/12 levels left

rFire   . . .        i - +0 dagger (vamp)
rCold   . . .        (no shield)
rNeg    + . .        a - +0 robe
rPois   ∞            (no helmet)
rElec   +            (no cloak)
rCorr   .            (no gloves)
SInv    .            (no boots)
Will    .....        (no amulet)
Stlth   ++           (no ring)
HPRegen 0.25/turn    (no ring)
MPRegen 0.12/turn

%: no passive effects
@: no status effects
A: sickness immunity, AC +4, negative energy resistance 1, electricity
resistance, torment resistance 1, petrification resistance
a: no special abilities


You were on level 3 of the Dungeon.
You visited 1 branch of the dungeon, and saw 3 of its levels.

You collected 213 gold pieces.

Inventory:

Hand Weapons
 i - a +0 vampiric dagger (weapon)
Missiles
 e - 4 boomerangs
 g - 2 curare-tipped darts
 h - 5 poisoned darts
Armour
 a - a +0 robe (worn)
Scrolls
 c - 3 scrolls of magic mapping
 j - 2 scrolls of identify
 k - 2 scrolls of amnesia {unknown}
 m - a scroll of noise {unknown}
Potions
 b - 2 potions of magic
 d - 3 potions of flight
 f - a potion of attraction {unknown}
 l - 2 potions of curing {unknown}


   Skills:
 - Level 1.5 Dodging
 - Level 2.1 Stealth
 + Level 3.8 Spellcasting
 + Level 2.9 Conjurations
 - Level 0.7 Transmutations
 + Level 5.7 Earth Magic


You had 8 spell levels left.
You knew the following spells:

 Your Spells              Type           Power      Damage    Failure   Level
a - Sandblast             Erth           44%        2d11      1%          1
b - Stone Arrow           Conj/Erth      34%        3d9       9%          3

Your spell library contained the following spells:

 Spells                   Type           Power      Damage    Failure   Level
 Passwall                 Tmut/Erth      11%        N/A       6%          2
 Beastly Appendage        Tmut           10%        N/A       12%         1
 Wereblood                Tmut           5%         N/A       19%         2
 Spider Form              Tmut/Pois      4%         N/A       38%         3
 Petrify                  Tmut/Erth      14%        N/A       38%         4


Dungeon Overview and Level Annotations

Branches:
Dungeon (3/15)

Altars:


Innate Abilities, Weirdness & Mutations

You are immune to sickness and miasma.
Your stone body is resilient. (AC +4)
You are immune to poison.
You resist negative energy. (rN+)
You are resistant to electric shocks. (rElec)
You are resistant to unholy torment.
You are immune to petrification.


Message History

Aiming: Sandblast (safe; 1% risk of failure)
Press: ? - help, Q - select action, (/) - cycle Shift-Dir - straight line, f/p - orc priest
Aim: an orc priest, wielding a +0 flail and wearing a +0 ring mail (85% to hit)
The blast of sand hits the orc priest but does no damage.
The orc misses you.
An orc priest comes into view. It is wielding a +0 hand axe.
The orc hits you but does no damage.
The orc priest hits you with a +0 flail.
Aiming: Sandblast (safe; 1% risk of failure)
Press: ? - help, Q - select action, (/) - cycle Shift-Dir - straight line, f/p - orc priest
Aim: an orc priest, wielding a +0 flail and wearing a +0 ring mail (85% to hit)
The blast of sand hits the orc priest.
The orc priest is lightly wounded.
The orc hits you but does no damage.
A kobold opens the door.
A bat comes into view.
The orc priest calls down the wrath of Beogh upon you.
You barely resist.
Aiming: Sandblast (safe; 1% risk of failure)
Press: ? - help, Q - select action, (/) - cycle Shift-Dir - straight line, f/p - orc priest
Aim: an orc priest, wielding a +0 flail and wearing a +0 ring mail (lightly wounded, 85% to hit)
The blast of sand hits the orc priest!
The orc priest is almost dead.
The orc completely misses you. The orc priest closely misses you.
The orc misses you.
The orc priest invokes the aid of Beogh against you.
Beogh smites you!
The orc priest calls down the wrath of Beogh upon you.
Beogh smites you!
* * * LOW HITPOINT WARNING * * *
Okay, then.
As you read the scroll labelled MUECLIL SATAMI, it crumbles to dust.
You feel aware of your surroundings.
It was a scroll of magic mapping.
The orc barely misses you. The orc priest closely misses you.
As you read the scroll labelled ALIDOIM DOTZOT, it crumbles to dust.
It is a scroll of identify.
d - 3 potions of flight The orc closely misses you.
The orc priest mumbles some strange prayers to Beogh against you.
Pain shoots through your body!
You die...

#***#.# #).....##
..,,..# #.......#
####### #.##.#..#
#.##.#.^# *****
##......# ,,,,**
*##.....# 8,,8,*
**,##....# ,,,,,*
*,,,##.).# ,,,,**
**,**##o@#
,**,******+***##o#
*++**,*8*,8,*8*#o#**
,,,,,*,,,*,*,,,Kob,*
*++**,*8*,8,*8*#.#,*
,**,***********#.#,*
,,,,** **..#,****
,,,,,* **,...,,,,****
8,,8,*
**,,,,*,,,,,,,********


You could see 2 orc priests, 2 orcs, a bat and a kobold.

Vanquished Creatures
  Grinder (D:3)
  5 endoplasms
  3 giant cockroaches
  9 goblins
  4 hobgoblins
  4 jackals (D:1)
  4 quokkas
  5 ball pythons
  6 bats
  5 frilled lizards
  8 kobolds
  5 rats
59 creatures vanquished.

Notes
Turn   | Place    | Note
-------+----------+-------------------------------------------
     0 | D:1      | cheesebisquit the Gargoyle Earth Elementalist began the
                  | quest for the Orb.
     0 | D:1      | Reached XP level 1. HP: 10/10 MP: 3/3
   161 | D:1      | Reached skill level 4 in Earth Magic
   161 | D:1      | Reached XP level 2. HP: 13/15 MP: 0/5
   527 | D:1      | Reached XP level 3. HP: 19/19 MP: 2/6
   948 | D:1      | Learned a level 3 spell: Stone Arrow
  1499 | D:2      | Found a faded altar of an unknown god.
  1801 | D:3      | Reached XP level 4. HP: 24/24 MP: 4/8
  1802 | D:3      | Reached skill level 1 in Conjurations
  1875 | D:3      | Noticed Grinder
  1878 | D:3      | Paralysed by Grinder for 2 turns
  1882 | D:3      | Killed Grinder
  1883 | D:3      | Reached skill level 5 in Earth Magic
  1883 | D:3      | Reached XP level 5. HP: 27/28 MP: 4/10
  1883 | D:3      | Reached XP level 6. HP: 31/32 MP: 4/11
  2087 | D:3      | HP: 1/32 [orc priest/divine providence (15)]
  2089 | D:3      | Killed from afar by an orc priest

Illustrated notes

Levels and vault maps discovered:
D:1:      dpeg_arrival_signposts, layout_basic, serial_corexii_hall,
          chequers_hall_statues_corner_a, chequers_hall_statues_corner_a,
          chequers_hall_statues_wall_a, corexii_hall_statues_l,
          ebering_dispersal_statue_hall
D:2:      layout_rooms, chequers_ecumenical_altar_simple_redux, serial_aquarium,
          aquarium_bridge_square [aquarium_subvault_balcony,
          aquarium_subvault_bridge, aquarium_subvault_wall,
          aquarium_subvault_window], aquarium_window_2, aquarium_window_2,
          aquarium_view_2f, aquarium_view_2b
D:3:      layout_loops_cross, wad_orctagon, uniq_grinder, uniq_jessica

Skill      XL: |  1  2  3  4 |
---------------+-------------+-----
Earth Magic    | 4 5 |  5.7
Conjurations   | 2 |  2.9
Spellcasting   | 3 |  3.8
Dodging        | |  1.5
Stealth        | |  2.1
Transmutations | |  0.7

Action                     |  1- 3 |  4- 6 || total
---------------------------+-------+-------++-------
  Melee: Unarmed           |    15 |       ||    15
         Punch             |     1 |       ||     1
         Whip              |     6 |       ||     6
   Cast: Sandblast         |    67 |    17 ||    84
    Use: Scroll            |       |     2 ||     2
 Armour: Robe              |    19 |     3 ||    22
  Dodge: Dodged            |    34 |     8 ||    42
